Map: Waterfall

Players

StaCkz

  • Race: Zerg Zerg
  • League: Silver
  • Spawn Location: 7:00

Baj - Winner!

  • Race: Terran Terran
  • League: Silver
  • Spawn Location: 1:00

VOD

Have the link to the VOD?

Description

im stackz8 neuro told me to send in a video.

Time

  • Played on: Sept. 19, 2022, 3:28 p.m.
  • Length: 9:26
Show
View Real Time Build Order
Export as new Build Order

StaCkz Zerg 

Build Orders: Hatch First 

Get SALT Encoding   

  12  0:08  Overlord  
  12  0:13  Drone  
  13  0:18  Drone  
  14  0:27  Drone  
  15  0:48  Hatchery  
  14  0:51  Drone  
  14  0:54  Drone  
  16  0:58  Drone  
  17  1:06  Drone  
  18  1:25  Extractor  
  17  1:27  Spawning Pool  
  17  1:29  Drone x2  
  18  1:47  Drone x2  
  20  2:13  Drone x3, Hatchery  
  20  2:14  Drone  
  23  2:31  Metabolic Boost, Zergling x4  
  23  2:32  Queen  
  27  2:48  Overlord  
  28  2:51  Drone  
  28  3:01  Baneling Nest  
  28  3:02  Roach Warren  
  28  3:05  Evolution Chamber  
  25  3:07  Drone  
  25  3:08  Drone  
  25  3:09  Drone  
  28  3:17  Queen  
  30  3:23  Drone  
  30  3:24  Drone  
  30  3:26  Drone  
  33  3:36  Drone x3  
  33  3:37  Drone  
  37  3:46  Queen  
  39  3:51  Lair  
  39  4:02  Drone x3  
  42  4:03  Overlord  
  42  4:23  Queen  
  44  4:26  Drone x2  
  44  4:27  Drone x4  
  44  4:28  Overlord x2  
  50  4:43  Zerg Ground Armor Level 1  
  48  4:54  Extractor  
  47  5:06  Extractor  
  46  5:17  Zergling x12  
  46  5:18  Overlord x3, Zergling x2  
  46  5:19  Zergling x4  
  55  5:34  Centrifugal Hooks, Hatchery  
  54  5:36  Glial Reconstitution  
  54  5:44  Drone x2  
  54  5:48  Drone  
  54  5:49  Drone  
  58  5:51  Drone  
  58  5:52  Roach x2  
  58  5:53  Roach x2  
  50  6:22  Zergling x2  
  50  6:23  Zergling x2  
  50  6:27  Overlord x5  
  39  6:43  Overlord x4  
  29  6:49  Zergling x8  
  29  6:51  Overlord  
  33  6:55  Zergling x8  
  33  6:56  Zergling x2  
  36  7:11  Roach x3  
  39  7:23  Roach x2  
  39  7:24  Queen  
  39  7:25  Hatchery  
  39  7:26  Queen  
  46  7:33  Zergling x2  
  46  7:34  Zergling x2  
  46  7:40  Baneling  
  46  7:41  Baneling x5  
  46  7:49  Zergling x2  
  46  7:50  Zergling x10  
  31  7:58  Zergling x2  
  27  8:10  Spore Crawler  
  19  8:13  Zergling x6  
  19  8:14  Zergling x2  
  19  8:16  Queen  
  22  8:26  Drone x3  
  22  8:45  Drone  
  22  8:46  Drone x5  
  28  8:50  Baneling x7  
  28  8:51  Baneling  
  28  8:56  Zergling x10  
  28  9:02  Zergling x4  
  33  9:08  Zergling x2  
Show
View Real Time Build Order
Export as new Build Order

Baj Terran - Winner!

Build Orders:  

Get SALT Encoding   

  12  0:05  SCV  
  13  0:17  SCV  
  13  0:19  Supply Depot  
  14  0:29  SCV  
  15  0:41  SCV  
  16  0:43  Barracks  
  16  0:49  Refinery  
  16  0:53  SCV  
  17  1:05  SCV  
  18  1:17  SCV  
  19  1:29  Marine  
  19  1:32  Orbital Command  
  20  1:42  Command Center  
  20  1:51  Barracks Reactor  
  20  1:53  Supply Depot  
  20  1:57  SCV  
  21  2:10  SCV  
  22  2:19  Barracks  
  22  2:22  SCV  
  23  2:23  Barracks  
  23  2:27  Refinery  
  23  2:29  Marine x2  
  26  2:44  SCV  
  26  2:47  Marine x2  
  28  2:54  Orbital Command  
  28  2:56  SCV  
  29  3:05  Marine x2  
  30  3:06  Bunker  
  30  3:08  SCV  
  32  3:13  Barracks Tech Lab  
  32  3:15  Barracks Tech Lab  
  32  3:22  SCV  
  32  3:23  SCV  
  34  3:32  Marine  
  34  3:33  Marine  
  36  3:34  SCV  
  36  3:35  SCV  
  36  3:37  Supply Depot  
  38  3:50  Engineering Bay  
  38  4:00  Supply Depot, Marauder x2, Marine x2  
  44  4:03  SCV x2  
  44  4:06  Concussive Shells  
  44  4:08  Stimpack  
  46  4:17  Supply Depot  
  46  4:21  Missile Turret  
  46  4:27  Marine x4  
  50  4:35  Terran Infantry Weapons Level 1  
  50  4:44  Refinery, Marine, SCV  
  50  4:45  Marine x3  
  55  4:46  SCV  
  55  4:47  Missile Turret  
  56  4:55  Factory  
  56  4:56  SCV  
  56  4:58  SCV  
  58  5:02  Marine  
  58  5:05  Missile Turret  
  59  5:10  Marine  
  59  5:11  Marine x2  
  62  5:20  Supply Depot, Marine  
  63  5:24  SCV x2  
  63  5:26  Missile Turret  
  65  5:28  Marine  
  65  5:30  Marine x2  
  68  5:36  SCV x2  
  68  5:41  Combat Shield, Marine  
  71  5:43  Supply Depot  
  71  5:44  Widow Mine  
  71  5:46  Starport  
  71  5:48  SCV  
  78  5:50  Marauder x2  
  78  5:59  Supply Depot  
  78  6:04  Marine x2, SCV  
  78  6:05  Supply Depot, SCV  
  78  6:12  Marine x2  
  79  6:21  Supply Depot  
  79  6:22  Marine x2  
  79  6:28  Supply Depot  
  79  6:29  Marine  
  79  6:30  Marine  
  78  6:39  Liberator  
  79  6:40  Marine x2  
  79  6:41  Factory Tech Lab  
  80  6:47  Marine  
  80  6:48  Marine  
  82  6:58  Refinery, Marine x2  
  82  7:00  SCV x2  
  86  7:05  Marine  
  86  7:06  Marauder  
  86  7:10  Terran Infantry Armor Level 1  
  86  7:12  SCV  
  81  7:15  Marine x2  
  81  7:19  Barracks  
  81  7:20  Barracks  
  82  7:23  Marauder  
  82  7:27  Marine  
  85  7:30  Starport Reactor  
  85  7:31  Siege Tank  
  85  7:33  Marine x2  
  90  7:44  Marine  
  90  7:45  Marine  
  91  7:51  Marine x2  
  81  8:03  Marauder x2  
  81  8:04  Siege Tank  
  88  8:07  Barracks Reactor x2  
  88  8:08  Medivac  
  88  8:09  Marine x2, Medivac  
  88  8:23  Marine  
  88  8:24  Marine  
  90  8:27  Marine x2  
  92  8:40  Liberator x2  
  95  8:41  Marine  
  95  8:42  Marine  
  95  8:45  Marine x2  
  95  8:47  Siege Tank  
  102  8:50  Marine x3  
  102  8:51  Marine  
  106  8:56  Supply Depot  
  106  8:59  Marine x2  
  106  9:01  Supply Depot  
  106  9:02  Marine x2  
  108  9:06  Supply Depot  
  108  9:08  Marine x3  
  100  9:19  Supply Depot  
  102  9:25  Supply Depot  
Tags
 
Matchup
TvZ
Spawn Locations
Cross Positions
Add a new tag
Caveats
  • Supply blocks, unpowered buildings, or Contaminate may cause inaccurate times.
  • Supply counts are checked every 10 seconds.